 Dungeon Crawl Stone Soup version 0.22.0-25-g7663229 (webtiles) character file.

135 OneManBand the Magician (level 4, 0/24 HPs)
             Began as a Deep Elf Wizard on Aug 20, 2018.
             Killed from afar by an orc wizard (5 damage)
             ... with a puff of flame
             ... on level 4 of the Dungeon.
             The game lasted 00:10:10 (3874 turns).

OneManBand the Magician (Deep Elf Wizard)           Turns: 3874, Time: 00:10:10

Health: 0/24       AC:  5    Str:  4    XL:     4   Next: 96%
Magic:  6/15       EV: 13    Int: 24    God:
Gold:   228        SH:  0    Dex: 13    Spells: 4/17 levels left

rFire    . . .     SeeInvis .   n - staff of death
rCold    . . .     Gourm    .   (no shield)
rNeg     + . .     Faith    .   a - +0 robe
rPois    .         Spirit   .   u - +2 hat
rElec    .         Reflect  .   (no cloak)
rCorr    .         Harm     .   p - +0 pair of gloves
MR       .....                  (no boots)
Stlth    ++........             (no amulet)
HPRegen  0.08/turn              (no ring)
MPRegen  0.14/turn              (no ring)

@: no status effects
A: no striking features
a: no special abilities


You were on level 4 of the Dungeon.
You were not hungry.

You visited 1 branch of the dungeon, and saw 4 of its levels.

You collected 228 gold pieces.

Inventory:

Hand Weapons
 f - a +0 dagger
Armour
 a - a +0 robe (worn)
 b - a +0 hat
 p - a +0 pair of gloves (worn)
 u - a +2 hat (worn)
Magical Staves
 n - an uncursed staff of death (weapon)
Wands
 r - a wand of random effects (30)
Scrolls
 c - 5 scrolls of teleportation {unknown}
 g - a scroll of enchant armour {unknown}
 h - 2 scrolls of enchant weapon {unknown}
 j - 2 scrolls of amnesia {unknown}
 o - 5 scrolls of identify {unknown}
 q - 2 scrolls of blinking {unknown}
 s - 3 scrolls of remove curse {unknown}
 t - 2 scrolls of random uselessness {unknown}
Potions
 e - a potion of brilliance {unknown}
 i - a potion of curing
 k - a potion of resistance {unknown}
 l - 2 potions of degeneration {unknown}
 m - a potion of might {unknown}
Comestibles
 d - 6 rations
 v - a chunk of flesh


   Skills:
 - Level 2.6 Dodging
 - Level 2.4 Stealth
 * Level 7.3 Spellcasting
 + Level 1.7 Conjurations
 + Level 1.3 Summonings
 + Level 1.1 Translocations


You had 4 spell levels left.
You knew the following spells:

 Your Spells              Type           Power        Failure   Level  Hunger
a - Magic Dart            Conj           ###.         3%          1    None
b - Blink                 Tloc           N/A          7%          2    None
c - Call Imp              Summ           ###.....     6%          2    None
d - Slow                  Hex            #.......     11%         2    None
e - Conjure Flame         Conj/Fire      ##......     14%         3    None
f - Mephitic Cloud        Conj/Pois/Air  ##......     16%         3    None

Your spell library contained the following spells:

 Spells                   Type           Power        Failure   Level  Hunger


Dungeon Overview and Level Annotations

Branches:
Dungeon (4/15)
 Temple: D:4-7

Altars:
Ashenzari
Cheibriados
Kikubaaqudgha
Makhleb


Message History

The puff of frost hits you!
The orc wizard is no longer moving quickly.
The orc wizard mumbles some strange words.
The orc wizard seems to speed up.
The orc wizard casts a spell.
The orc wizard flickers and vanishes!
Casting: Call Imp (safe; 6% risk of failure)
Confirm with . or Enter, or press ? or * to list all spells.
A beastly little devil appears in a puff of flame.
Your crimson imp blinks!
A magic dart appears from out of thin air!
The magic dart hits you!
* * * LOW HITPOINT WARNING * * *
Your magical contamination has completely faded away.
Something barely misses you. Something hits you but does no damage.
You hear some strange, mumbled words.
A puff of flame appears from out of thin air!
The puff of flame hits you!
You die...

.#'##....##..#####+#
........5.......##.##
#############5......#
#.P.....# #PP.o...#
#......## ###.{..##
#.....# #.@...#
#######.<..##
...........#
...........#
...........#
.............
...............
...............
...##.##...##..


You could see an orc and a friendly crimson imp.

Vanquished Creatures
  A worker ant (D:4)
  A worm (D:4)
  3 dart slugs
  2 leopard geckos (D:3)
  3 orcs (D:3)
  9 bats
  4 giant cockroaches
  8 goblins
  8 hobgoblins
  3 quokkas
  2 ball pythons
  4 frilled lizards
  A jackal skeleton (D:4)
  9 kobolds
  6 rats
64 creatures vanquished.

Vanquished Creatures (collateral kills)
  4 gnolls (D:2)
  An adder (D:2)
  An orc (D:4)
  A giant cockroach (D:2)
  A rat (D:2)
8 creatures vanquished.

Grand Total: 72 creatures vanquished

Notes
Turn   | Place    | Note
-------+----------+-------------------------------------------
     0 | D:1      | OneManBand the Deep Elf Wizard began the quest for the Orb.
     0 | D:1      | Reached XP level 1. HP: 10/10 MP: 7/7
   405 | D:1      | Reached skill level 5 in Spellcasting
   433 | D:1      | Reached XP level 2. HP: 15/15 MP: 1/10
   505 | D:1      | Learned a level 2 spell: Blink
   508 | D:1      | Learned a level 2 spell: Call Imp
   511 | D:1      | Learned a level 2 spell: Slow
  1414 | D:2      | Reached XP level 3. HP: 19/19 MP: 7/12
  1682 | D:2      | Reached skill level 6 in Spellcasting
  2141 | D:2      | Reached XP level 4. HP: 21/24 MP: 6/14
  2452 | D:2      | Found a burning altar of Makhleb.
  2637 | D:3      | Learned a level 3 spell: Conjure Flame
  2641 | D:3      | Learned a level 3 spell: Mephitic Cloud
  2664 | D:3      | Found a snail-covered altar of Cheibriados.
  2783 | D:3      | Found a shattered altar of Ashenzari.
  3178 | D:3      | Reached skill level 7 in Spellcasting
  3346 | D:3      | Found an ancient bone altar of Kikubaaqudgha.
  3874 | D:4      | Killed from afar by an orc wizard

Skill      XL: |  1  2  3  4 |
---------------+-------------+-----
Spellcasting   | 5 6 7 |  7.3
Dodging        | |  2.6
Stealth        | |  2.4
Conjurations   | |  1.7
Summonings     | |  1.3
Translocations | |  1.1

Action                   |  1- 3 |  4- 6 || total
-------------------------+-------+-------++-------
Melee: Staff             |       |     4 ||     4
 Cast: Magic Dart        |   100 |    79 ||   179
       Call Imp          |    11 |     4 ||    15
       Blink             |     2 |       ||     2
       Slow              |       |     3 ||     3
       Mephitic Cloud    |       |     1 ||     1
  Use: Potion            |       |     1 ||     1
  Eat: Chunk             |     1 |     4 ||     5
       Ration            |     1 |       ||     1
Armor: Robe              |     4 |     4 ||     8
Dodge: Dodged            |    13 |    16 ||    29
